 Dungeon Crawl Stone Soup version 0.26-a0-682-g294304f6e8 (webtiles) character file.

Game seed: 8106814660219368522

346 Decritt the Skirmisher (level 6, -3/58 HPs)
             Began as a Minotaur Fighter on Oct 20, 2020.
             Was an Initiate of Okawaru.
             Killed from afar by a white imp (5 damage)
             ... with a puff of frost
             ... summoned by Natasha
             ... on level 4 of the Dungeon.
             The game lasted 00:05:33 (2570 turns).

Decritt the Skirmisher (Minotaur Fighter)           Turns: 2570, Time: 00:05:34

Health: -3/58      AC:  6    Str: 22    XL:     6   Next: 32%
Magic:  5/5        EV:  7    Int:  5    God:    Okawaru [......]
Gold:   158        SH:  9    Dex: 10    Spells: 5/5 levels left

rFire    + . .     SeeInvis .   h - +2 spear (vorpal)
rCold    . . .     Faith    .   c - +0 kite shield
rNeg     . . .     Spirit   .   m - +0 scale mail {rF+}
rPois    +         Reflect  .   (helmet restricted)
rElec    .         Harm     .   (no cloak)
rCorr    .         Rampage  .   (no gloves)
MR       .....                  (no boots)
Stlth    ..........             (no amulet)
HPRegen  0.19/turn              s - ring of poison resistance
MPRegen  0.09/turn              (no ring)

@: brilliant
A: retaliatory headbutt, horns 2
a: Renounce Religion


You were on level 4 of the Dungeon.
You worshipped Okawaru.
Okawaru was noncommittal.
You visited 1 branch of the dungeon, and saw 4 of its levels.

You collected 158 gold pieces.

Inventory:

Hand Weapons
 a - a +0 war axe
 h - a +2 vorpal spear (weapon)
Armour
 c - a +0 kite shield (worn)
 m - a +0 scale mail of fire resistance (worn)
Jewellery
 s - a ring of poison resistance (left hand)
Scrolls
 e - a scroll of immolation {unknown}
 g - 2 scrolls of enchant weapon
 i - a scroll of noise {unknown}
 j - 2 scrolls of remove curse
 n - a scroll of amnesia {unknown}
Potions
 d - a potion of might
 k - a potion of invisibility {unknown}
 l - a potion of heal wounds {unknown}
 p - 3 potions of mutation
 t - a potion of haste {unknown}
 u - a potion of curing {unknown}


   Skills:
 + Level 6.6 Fighting
 + Level 6.0 Axes
 - Level 3.6 Armour
 - Level 3.6 Shields


You had 5 spell levels left.
You didn't know any spells.
Your spell library was empty.

Dungeon Overview and Level Annotations

Branches:
Dungeon (4/15)
 Temple: D:4-7

Altars:
Dithmenos
Okawaru
Wu Jian

Annotations:
D:4 Edmund, Natasha


Innate Abilities, Weirdness & Mutations

You reflexively headbutt those who attack you in melee.
You have a pair of horns on your head.


Message History

Edmund says, "A flail is better than a scythe, any day of the week!"
Edmund hits you with a +3 flail of holy wrath!
* * * LOW HITPOINT WARNING * * *
The white imp hits you.
* * * LOW HITPOINT WARNING * * *
The white imp freezes you.
* * * LOW HITPOINT WARNING * * *
You block the white imp's attack.
The shadow imp disappears in a puff of smoke!
Edmund mutters, "Who needs spells, anyway?"
Natasha zaps a wand.
The puff of flame hits you. You resist.
* * * LOW HITPOINT WARNING * * *
Natasha stares at you and mumbles some strange words.
The magic dart hits you!
* * * LOW HITPOINT WARNING * * *
It was a potion of brilliance.
You feel clever all of a sudden. The white imp gestures at you.
The puff of frost hits you.
You die...

#(..............
#........................
##........................ ##
#......................#.. ..##
##......................#..
....###.......h...............#..
#............5..................
#.........###..................
##...$.5#### #.@................
#......## ##................#
##....5.## #.............#..#
#........# ##...........##)##
#....))### #..........##.รท#
.......# ##.......####?.#
.......# ###...### #.## .......#
##### ##.# .......# #..#


You could see Natasha and a white imp (summoned).

Vanquished Creatures
  An ogre (D:4)
  2 orc priests (D:4)
  A centaur skeleton (D:4)
  A worker ant (D:4)
  4 gnolls (D:2)
  3 adders
  An ooze (D:2)
  2 worms
  2 dart slugs (D:1)
  3 leopard geckos
  3 orcs
  A ball python (D:3)
  6 bats
  2 giant cockroaches (D:2)
  7 goblins
  3 hobgoblins
  6 jackals
  8 kobolds
  2 quokkas (D:2)
  3 frilled lizards
  8 rats
69 creatures vanquished.

Notes
Turn   | Place    | Note
-------+----------+-------------------------------------------
     0 | D:1      | Decritt the Minotaur Fighter began the quest for the Orb.
     0 | D:1      | Reached XP level 1. HP: 19/19 MP: 0/0
   108 | D:1      | Reached XP level 2. HP: 21/27 MP: 1/1
   523 | D:1      | Reached XP level 3. HP: 34/34 MP: 2/2
   687 | D:2      | Reached XP level 4. HP: 13/41 MP: 3/3
   933 | D:2      | Reached skill level 5 in Fighting
  1175 | D:2      | Found a shadowy altar of Dithmenos.
  1877 | D:3      | Found an iron altar of Okawaru.
  1881 | D:3      | Became a worshipper of Warmaster Okawaru
  1891 | D:3      | Found an ornate altar of the Wu Jian Council.
  2052 | D:3      | Reached XP level 5. HP: 48/48 MP: 4/4
  2251 | D:4      | Noticed an ogre
  2256 | D:4      | Reached skill level 5 in Axes
  2263 | D:4      | Killed an ogre
  2267 | D:4      | Reached XP level 6. HP: 33/58 MP: 5/5
  2539 | D:4      | Noticed Edmund
  2546 | D:4      | Noticed Natasha
  2569 | D:4      | HP: 2/58 [Natasha/magic dart (9)]
  2570 | D:4      | Killed from afar by a white imp

Illustrated notes

Levels and vault maps discovered:
D:1:      heliophobic_arrival_glass_houses, layout_loops_ring
D:2:      layout_basic, nicolae_dithmenos_shadow_blocks
D:3:      layout_loops_ring, lemuel_crystal_altar, overflow_temple_1_default,
          solitary_fountain
D:4:      layout_cave_pods, uniq_edmund, uniq_natasha, uniq_eustachio,
          uniq_crazy_yiuf_cottage

Skill      XL: |  1  2  3  4  5  6 |
---------------+-------------------+-----
Fighting       | 4 5 6 |  6.6
Axes           | 3 4 5 6 |  6.0
Armour         | |  3.6
Shields        | |  3.6

Action                   |  1- 3 |  4- 6 || total
-------------------------+-------+-------++-------
Melee: War axe           |    40 |       ||    40
       Headbutt          |     4 |    13 ||    17
       Spear             |    25 |    97 ||   122
  Use: Scroll            |       |     5 ||     5
       Potion            |       |     1 ||     1
Armor: Scale mail        |    41 |    22 ||    63
Dodge: Dodged            |    19 |    20 ||    39
Block: Kite shield       |    37 |    30 ||    67

Table legend: (Time is in decaauts)
 A = Elapsed time spent in this place.
 B = Non-inter-level travel time spent in this place.
 C = Inter-level travel time spent in this place.
 D = Time resting spent in this place.
 E = Time spent auto-exploring this place.
 F = Levels seen in this place.
 G = Mean time per level.
                   A        B        C        D        E       F      G
               +--------+--------+--------+--------+--------+-----+--------+
         Total |   2590 |   2495 |     95 |    227 |   1895 |   4 |  647.5 |
       Dungeon |   2590 |   2495 |     95 |    227 |   1895 |   4 |  647.5 |
               +--------+--------+--------+--------+--------+-----+--------+

Top non-repeatable levels by time:
     D:2: 1041 daAuts
     D:1: 683 daAuts
     D:3: 494 daAuts
     D:4: 370 daAuts
